 Dungeon Crawl Stone Soup version 0.28.0-43-g3370ac3207 (webtiles) character file.

Game seed: 3754353358723609638

1491 bromine the Cleaver (level 8, 0/71 HPs)
             Began as a Hill Orc Berserker on Mar 23, 2022.
             Was a Believer of Trog.
             Succumbed to a water moccasin's poison
             ... on level 6 of the Dungeon.
             The game lasted 00:13:40 (7020 turns).

bromine the Cleaver (Hill Orc Berserker)            Turns: 7020, Time: 00:13:40

Health: 0/71       AC: 10    Str: 28    XL:     8   Next: 80%
Magic:  8/8        EV:  9    Int:  7    God:    Trog [**....]
Gold:   169        SH:  0    Dex: 10    Spells: 7/7 levels left

rFire   . . .      SeeInvis .   v - +3 quarterstaff (chaos)
rCold   + . .      Faith    .   (shield currently unavailable)
rNeg    . . .      Spirit   .   A - +0 chain mail
rPois   .          Reflect  .   (no helmet)
rElec   .          Harm     .   (no cloak)
rCorr   .          Rampage  .   (no gloves)
Will    .....                   (no boots)
Stlth   ..........              (no amulet)
HPRegen 0.21/turn               q - +6 ring of strength
MPRegen 0.11/turn               D - ring of protection from cold

@: lethally poisoned (0 -> -6), on berserk cooldown, slowed, very slow
A: no striking features
a: Renounce Religion, Convert to Beogh, Berserk, Trog's Hand


You were on level 6 of the Dungeon.
You worshipped Trog.
Trog was pleased with you.
You visited 1 branch of the dungeon, and saw 6 of its levels.

You collected 169 gold pieces.

Inventory:

Hand Weapons
 a - a +0 hand axe
 e - a +0 war axe
 k - a +0 hand crossbow
 r - a +0 giant club
 u - a +0 mace
 v - a +3 quarterstaff of chaos (weapon)
 x - a +0 long sword
Missiles
 o - 7 poisoned darts (quivered)
 s - 19 arrows
Armour
 b - a +0 animal skin
 g - a +0 ring mail
 w - a +0 cloak
 y - a +0 scale mail
 A - a +0 chain mail (worn)
Jewellery
 i - a ring of ice
 q - a +6 ring of strength (left hand)
 D - a ring of protection from cold (right hand)
Wands
 t - a wand of digging (8)
Scrolls
 f - 6 scrolls of identify {unknown}
 j - 2 scrolls of amnesia {unknown}
 p - a scroll of fog {unknown}
 B - a scroll of magic mapping {unknown}
 C - a scroll of vulnerability {unknown}
Potions
 c - 3 potions of curing {unknown}
 d - a potion of brilliance {unknown}
 h - 2 potions of resistance {unknown}
 l - a potion of haste {unknown}
 m - a potion of degeneration {unknown}
 n - a potion of magic {unknown}
 z - 2 potions of heal wounds {unknown}


   Skills:
 + Level 6.3 Fighting
 + Level 8.2 Axes
 + Level 3.6 Staves
 + Level 2.0 Throwing
 + Level 5.5 Armour
 + Level 3.4 Dodging
 + Level 1.1 Stealth


You had 7 spell levels left.
You didn't know any spells.
Your spell library was empty.

Dungeon Overview and Level Annotations

Branches:
Dungeon (6/15)
 Temple: D:4-7

Altars:

Shops:
D:6 *


Message History

The water moccasin bites you but does no damage.
The ogre closely misses you.
You sock the ogre!
You kill the ogre!
Trog accepts your kill.
You feel sick.
The water moccasin bites you but does no damage.
The water moccasin bites you.
* * * LOW HITPOINT WARNING * * *
You are lethally poisoned!
The water moccasin poisons you!
Okay, then.
You are too berserk!
You sock the water moccasin!
The water moccasin is heavily wounded.
* * * LOW HITPOINT WARNING * * *
You feel very sick.
The water moccasin bites you but does no damage.
You are too berserk!
You are too berserk!
You are too berserk!
You sock the water moccasin!
You kill the water moccasin!
Trog accepts your kill.
* * * LOW HITPOINT WARNING * * *
You feel very sick.
Your Throwing skill increases to level 2!
* * * LOW HITPOINT WARNING * * *
You feel sick.
There is a stone staircase leading down here.
You see here a scorpion corpse.
You feel a strong urge to attack something.
* * * LOW HITPOINT WARNING * * *
You feel sick.
* * * LOW HITPOINT WARNING * * *
You feel sick.
You feel your anger nearly subside.
You are no longer berserk.
You are exhausted.
You feel yourself slow down.
You die...

..........#
..........#
........?.#
..$.......#
......)o..#
#######>### #.#
#.# #@#
#.################
#.................
##################


You could see an orc priest.

Vanquished Creatures
  2 water moccasins
  2 ogres
  3 phantoms
  A centaur (D:6)
  A bullfrog (D:3)
  4 scorpions
  2 water moccasin zombies (D:5)
  A wyvern skeleton (D:5)
  A water moccasin skeleton (D:4)
  3 hounds (D:5)
  Crazy Yiuf (D:4)
  A jelly (D:4)
  An orc wizard (D:5)
  3 adders
  An ufetubus (D:6)
  3 worms
  3 dart slugs
  13 orcs
  9 ball pythons
  5 bats
  10 endoplasms
  2 giant cockroaches
  5 goblins
  7 hobgoblins
  4 jackals (D:5)
  3 quokkas
  A frilled lizard (D:3)
  4 kobolds
  6 rats
102 creatures vanquished.

Notes
Turn   | Place    | Note
-------+----------+-------------------------------------------
     0 | D:1      | bromine the Hill Orc Berserker began the quest for the Orb.
     0 | D:1      | Reached XP level 1. HP: 19/19 MP: 1/1
   227 | D:1      | Reached XP level 2. HP: 21/27 MP: 2/2
  1044 | D:2      | Reached XP level 3. HP: 30/33 MP: 3/3
  1553 | D:2      | Found a faded altar of an unknown god.
  1554 | D:2      | Reached ** piety under Trog
  2030 | D:3      | Reached skill level 5 in Axes
  2079 | D:3      | Reached XP level 4. HP: 39/40 MP: 4/4
  2197 | D:3      | Noticed a bullfrog
  2216 | D:3      | Killed a bullfrog
  2217 | D:3      | Reached XP level 5. HP: 12/47 MP: 5/5
  3120 | D:4      | Reached skill level 6 in Axes
  3351 | D:4      | Reached XP level 6. HP: 47/53 MP: 6/6
  3555 | D:4      | Reached skill level 7 in Axes
  3876 | D:4      | Reached skill level 5 in Fighting
  3876 | D:4      | Reached XP level 7. HP: 61/61 MP: 7/7
  4056 | D:4      | Found a runed translucent door.
  4057 | D:4      | Noticed Crazy Yiuf
  4494 | D:4      | Killed Crazy Yiuf
  4495 | D:4      | Reached skill level 8 in Axes
  4705 | D:5      | Entered Level 5 of the Dungeon
  4757 | D:5      | Reached skill level 1 in Stealth
  5125 | D:5      | Reached *** piety under Trog
  5612 | D:5      | Reached skill level 1 in Staves
  5773 | D:5      | Reached XP level 8. HP: 69/69 MP: 8/8
  6282 | D:5      | Reached skill level 1 in Throwing
  6690 | D:6      | Found Fyvas Duon's Fire Supplies.
  6695 | D:6      | Reached skill level 5 in Armour
  7017 | D:6      | HP: 5/106 [poisoned by a water moccasin]
  7019 | D:6      | HP: 2/106 [poisoned by a water moccasin]
  7020 | D:6      | Succumbed to a water moccasin's poison

Illustrated notes

Levels and vault maps discovered:
D:1:      erik_arrival_orb_chamber, layout_loops_ring, minmay_strange_pillars
D:2:      layout_basic, hellmonk_ecumenical_altar_zigzags, hex_tiny
D:3:      layout_basic, dk_vineyard_1
D:4:      layout_loops_corners, minmay_misc_feat_columns,
          amcnicky_mini_pool_small, uniq_crazy_yiuf_cottage
D:5:      layout_basic, kennysheep_small_square
D:6:      layout_basic, gup_sewer_entry_bubbles, st_stairs_5,
          nicolae_shop_fire_sale [nicolae_sub_dead_trees], uniq_pikel

Skill      XL: |  1  2  3  4  5  6  7  8 |
---------------+-------------------------+-----
Fighting       | 4 5 6 |  6.3
Axes           | 5 6 7 8 |  8.2
Dodging        | 2 3 |  3.4
Armour         | 3 4 5 |  5.5
Stealth        | 1 |  1.1
Staves         | 1 3 |  3.6
Throwing       | 2 |  2.0

Action                   |  1- 3 |  4- 6 |  7- 9 || total
-------------------------+-------+-------+-------++-------
Melee: Hand axe          |    41 |       |       ||    41
       War axe           |    56 |    92 |    12 ||   160
       Quarterstaff      |       |       |   107 ||   107
Throw: Dart              |       |     8 |    18 ||    26
Invok: Berserk           |     1 |     2 |     6 ||     9
       Trog's Hand       |       |       |     1 ||     1
 Stab: Sleeping          |     2 |       |       ||     2
Armor: Animal skin       |     4 |       |       ||     4
       Ring mail         |    20 |    50 |    42 ||   112
       Chain mail        |       |       |    37 ||    37
Dodge: Dodged            |    73 |    86 |   101 ||   260
